 Dungeon Crawl Stone Soup version 0.28-a0-247-gb8bfbab023 (webtiles) character file.

Game seed: 13535450505804596297

180059 Zenkrye the Warrior (level 16, -1/149 HPs)
             Began as a Demigod Conjurer on May 13, 2021.
             Killed from afar by a shock serpent (27 damage)
             ... with a bolt of electricity
             ... on level 3 of the Snake Pit on Aug 25, 2021.
             The game lasted 02:55:29 (47293 turns).

Zenkrye the Warrior (Demigod Conjurer)             Turns: 47293, Time: 02:55:30

Health: -1/149     AC: 20    Str: 17    XL:     16   Next: 76%
Magic:  2/36       EV: 15    Int: 46    God:
Gold:   1211       SH:  9    Dex: 15    Spells: 6/38 levels left

rFire   + . .      SeeInvis +   t - +10 rapier of Qiam {flame, *Noise Str+5 Int+4}
rCold   + + .      Faith    .   w - +2 buckler {rF+}
rNeg    + + +      Spirit   .   z - +1 ice dragon scales
rPois   +          Reflect  .   c - +2 helmet
rElec   .          Harm     .   a - +2 cloak {Stlth+}
rCorr   .          Rampage  .   P - +0 pair of gloves of Ashenzari's Esteem {rN++ Int-4 Dex+3 SInv}
Will    +....                   E - +2 pair of boots {Fly}
Stlth   ++........              Z - macabre finger necklace {rN+}
HPRegen 0.34/turn               A - ring "Labikh" {+Blink Int+6}
MPRegen 0.25/turn               l - ring "Obakum" {Wiz rF+ Int+4 Stlth+, =R}
                                o - ring of poison resistance

@: about to teleport, flying, slowed, very slow
A: high mp 1, forlorn
}: 1/15 runes: decaying
a: Evoke Blink


You were on level 3 of the Snake Pit.
You visited 5 branches of the dungeon, and saw 30 of its levels.

You collected 3550 gold pieces.
You spent 2339 gold pieces at shops.

Inventory:

Hand Weapons
 k - a +4 hunting sling {@w2}
 t - the +10 rapier of Qiam (weapon) {flame, *Noise Str+5 Int+4}
   (You found it on level 1 of the Swamp)

   It burns those it strikes, dealing additional fire damage.
   Str:       It affects your strength (+5).
   Int:       It affects your intelligence (+4).
   *Noise:    It may make noises in combat.
 u - the +5 demon blade "Alug Pus" {speed, rF+}
   (You acquired it on level 9 of the Dungeon)

   Attacks with this weapon are significantly faster.
   rF:        It protects you from fire.
Missiles
 q - 142 sling bullets
 Q - a throwing net {!f}
 R - 7 silver boomerangs (quivered)
 U - 10 atropa-tipped darts
Armour
 a - a +2 cloak of stealth (worn)
 c - a +2 helmet (worn)
 w - a +2 buckler of fire resistance (worn)
 z - +1 ice dragon scales (worn)
 E - a +2 pair of boots of flying (worn)
 G - +0 swamp dragon scales
 H - +3 steam dragon scales
 M - a +0 kite shield
 P - the +0 pair of gloves of Ashenzari's Esteem (worn) {rN++ Int-4 Dex+3 SInv}
   (You found it on level 1 of the Swamp)

   Int:       It affects your intelligence (-4).
   Dex:       It affects your dexterity (+3).
   rN:        It greatly protects you from negative energy.
   SInv:      It lets you see invisible.
Magical Staves
 N - a staff of earth
 W - a staff of air
Jewellery
 f - a ring of fire
 l - the ring "Obakum" (right hand) {Wiz rF+ Int+4 Stlth+, =R}
   (You bought it in a shop on level 2 of the Orcish Mines)

   [ring of wizardry]

   It improves your spell success rate.
   Int:       It affects your intelligence (+4).
   rF:        It protects you from fire.
   Stlth:     It makes you more stealthy.
 n - a ring of willpower
 o - a ring of poison resistance (on amulet)
 p - an amulet of reflection
 r - a ring of resist corrosion
 A - the ring "Labikh" (left hand) {+Blink Int+6}
   (You found it on level 14 of the Dungeon)

   [ring of intelligence]

   Int:       It affects your intelligence (+6).
   +Blink:    It lets you blink.
 J - a ring of see invisible
 Z - the macabre finger necklace (around neck) {rN+}
   (You bought it in a shop on level 15 of the Dungeon)

   [amulet of nothing]

   It enables you to equip an extra ring.
   rN:        It protects you from negative energy.
Wands
 m - a wand of polymorph (24)
 s - a wand of mindburst (17)
 v - a wand of flame (22)
 x - a wand of iceblast (43) {@v4}
 V - a wand of digging (9) {@v1}
Scrolls
 b - a scroll of fog
 g - 6 scrolls of amnesia
 i - 6 scrolls of identify {@r1}
 y - 6 scrolls of magic mapping
 B - 8 scrolls of teleportation {@r3}
 K - 3 scrolls of immolation
Potions
 d - 15 potions of curing {@q1}
 e - a potion of brilliance
 h - 3 potions of might {@q4}
 j - 3 potions of ambrosia
 C - 3 potions of resistance {@q6}
 I - 3 potions of haste {@q3}
 L - a potion of cancellation
 S - a potion of invisibility
 T - 3 potions of mutation
 X - 2 potions of berserk rage
 Y - a potion of magic
Miscellaneous
 D - a phantom mirror
 F - a lightning rod (4/4)


   Skills:
 + Level 15.5 Fighting
 + Level 0.6 Short Blades
 + Level 13.4 Dodging
 - Level 1.7 Stealth
 - Level 10.0 Shields
 + Level 11.7 Spellcasting
 - Level 12.0 Conjurations
 - Level 3.0 Translocations
 - Level 2.1 Transmutations
 + Level 4.4 Fire Magic
 - Level 3.0 Ice Magic
 - Level 5.0 Air Magic
 + Level 4.4 Earth Magic
 - Level 5.0 Poison Magic
 - Level 3.0 Evocations


You had 6 spell levels left.
You knew the following spells:

 Your Spells              Type           Power      Damage    Failure   Level
a - Ignite Poison         Fire/Tmut/Pois 58%        N/A       1%          3
b - Bolt of Magma         Conj/Fire/Erth 37%        4d16      3%          5
c - Freezing Cloud        Conj/Ice/Air   36%        6-21      3%          5
d - Iron Shot             Conj/Erth      40%        9d8       10%         6
e - Olgreb's Toxic Radia  Pois           64%        N/A       2%          4
q - Iskenderun's Mystic   Conj/Tloc      77%        2d15      1%          4
w - Lightning Bolt        Conj/Air       40%        1d59      1%          5

Your spell library contained the following spells:

 Spells                   Type           Power      Damage    Failure   Level
 Animate Skeleton         Necr           52%        N/A       1%          1
 Magic Dart               Conj           100%       1d8       1%          1
 Pain                     Necr           100%       1d9       1%          1
 Shock                    Conj/Air       100%       1d9       1%          1
 Sting                    Tmut/Pois      100%       1d8       1%          1
 Summon Small Mammal      Summ           100%       N/A       1%          1
 Corpse Rot               Necr/Air       N/A        N/A       1%          2
 Poisonous Vapours        Pois/Air       100%       N/A       1%          2
 Searing Ray              Conj           100%       3d7       1%          2
 Conjure Flame            Conj/Fire      80%        6-21      1%          3
 Dazzling Flash           Conj/Hex       100%       N/A       1%          3
 Mephitic Cloud           Conj/Pois/Air  76%        N/A       1%          3
 Spider Form              Tmut/Pois      28%        N/A       1%          3
 Fulminant Prism          Conj/Hex       35%        3d18      1%          4
 Iskenderun's Battlesphe  Conj           95%        2d14      1%          5
 Call Canine Familiar     Summ           26%        N/A       6%          3
 Summon Guardian Golem    Hex/Summ       26%        N/A       6%          3
 Vampiric Draining        Necr           13%        2d7       6%          3
 Animate Dead             Necr           13%        N/A       17%         4
 Cause Fear               Hex            13%        N/A       17%         4
 Dispel Undead            Necr           26%        3d13      17%         4
 Silence                  Hex/Air        24%        N/A       17%         5
 Yara's Violent Unravell  Hex/Tmut       18%        3d9       32%         5
 Agony                    Necr           26%        N/A       43%         5
 Death Channel            Necr           13%        N/A       93%         6
 Orb of Destruction       Conj           47%        9d15      12%         7
 Spellforged Servitor     Conj/Summ      35%        N/A       75%         7
 Discord                  Hex            13%        N/A       100%        8


Dungeon Overview and Level Annotations

Branches:
Dungeon (15/15)            Temple (0/1) D:7            Lair (6/6) D:8
  Swamp (4/4) Lair:4        Snake (3/4) Lair:3        Slime (0/5) Lair:5
    Orc (2/2) D:9             Elf (0/3) Orc:2        Vaults (0/5) D:13
 Depths (0/5) D:15

Shops:
D:5 [   D:11 :   D:15 ==   Orc:2 [*=(

Portals:
Trove: D:12 (show abyssal rune of Zot)

Annotations:
D:6 2 transporters, Zellion's ghost, novice MfGl
D:12 3 runed translucent doors, relicbr's ghost, journeyman NaIE
D:13 3 runed translucent doors, Raon's ghost, journeyman DsGl
Snake:2 Louise


Innate Abilities, Weirdness & Mutations

Your attributes grow dramatically as you level up.
You have an increased reservoir of magic. (+10% MP)
You shall have no god before yourself.


Message History

The shock serpent's electric aura discharges, shocking you!
You block the mana viper's attack.
The guardian serpent is engulfed in freezing vapours.
The shock serpent is engulfed in freezing vapours.
The shock serpent seems to slow down.
The shock serpent bites you but does no damage.
The shock serpent's electric aura discharges, shocking you!
The mana viper bites you!
You feel your power leaking away.
A naga mage comes into view. It is wielding a +0 spear.
As you read the scroll of teleportation {@r3}, it crumbles to dust.
You feel strangely unstable. The mana viper bites you!
You feel your power leaking away.
The black mamba is engulfed in freezing vapours.
The black mamba seems to slow down.
You block the black mamba's attack.
The shock serpent is engulfed in freezing vapours.
The shock serpent bites you! The shock serpent shocks you!
* * * LOW HITPOINT WARNING * * *
The shock serpent's electric aura discharges, shocking you!
* * * LOW HITPOINT WARNING * * *
The mana viper misses you.
The black mamba is engulfed in freezing vapours.
The black mamba completely misses you.
The shock serpent is engulfed in freezing vapours.
The shock serpent seems to slow down.
The shock serpent barely misses you.
The shock serpent's electric aura discharges, shocking you!
* * * LOW HITPOINT WARNING * * *
Okay, then.
Unknown command.
Unknown command.
You miss the shock serpent.
The shock serpent is severely wounded.
The mana viper barely misses you.
The black mamba is engulfed in freezing vapours.
The black mamba seems to slow down.
You block the black mamba's attack. The mana viper completely misses you.
The shock serpent is engulfed in freezing vapours.
The shock serpent shoots out a bolt of lightning at you!
The bolt of electricity hits you!!
You die...

.#.#...#.#...#.#.......
#.....#.....##.......
#.....#.....#........
#.....#.....#.##...##
#.#...#.#...#. #####
#...#.#...#.#.
#.....#.....#
#.....#.....# #....
#.....#@S..N# .....
#.#...#S#S).#.# .....
...#.#§§.#.#)..# ....(
....#S§°. #.....# .....
....#.... .....# .....
#.... .....# ..#..
.#... #...#. ...#.#
#.#.


You could see an anaconda, a shock serpent (slow), a mana viper, a black mamba
(slow) and a naga mage.

Vanquished Creatures
  2 thorn hunters (Swamp:3)
  2 orc warlords
  A dire elephant (Lair:6)
  2 bunyips (Swamp:1)
  An ettin (D:15)
  2 eleionomae (Swamp:2)
  2 fire dragons
  Snorg (Lair:6)
  A shambling mangrove (Swamp:1)
  Erolcha (Orc:2)
  4 vault guards (D:13)
  4 ice dragons (Swamp:4)
  6 boulder beetles
  A ghost crab (Swamp:3)
  11 hydras
  5 naga warriors
  11 alligators
  2 catoblepae
  2 ogre magi
  2 centaur warriors
  7 anacondas
  12 two-headed ogres
  A shock serpent (Snake:1)
  3 naga sharpshooters
  4 orc high priests (Orc:2)
  5 goliath frogs
  2 salamander mystics (Snake:3)
  4 swamp dragons
  3 deep trolls (D:15)
  4 naga ritualists
  4 bog bodies
  7 spriggan druids
  5 lindwurms (Lair:6)
  A wizard (D:15)
  3 orc knights (Orc:2)
  3 deep elf pyromancers
  3 mana vipers
  2 necromancers
  3 orc sorcerers
  3 salamanders
  4 cyclopes
  4 will-o-the-wisps
  9 ugly things
  5 manticores
  A wolf spider (D:13)
  A black mamba (shapeshifter) (D:13)
  3 elephants (Lair:5)
  A guardian serpent (Snake:3)
  29 black mambas
  9 cane toads
  5 naga magi
  2 gargoyles
  7 torpor snails
  2 kobold demonologists
  3 unseen horrors
  6 rime drakes
  5 tengu conjurers
  4 freezing wraiths (Swamp:4)
  11 komodo dragons
  2 bloated husks
  6 trolls
  20 hornets
  2 polar bears
  A meliai zombie (D:11)
  Prince Ribbit (D:6)
  13 tyrant leeches
  A slime creature (D:13)
  7 dream sheep
  26 blink frogs
  3 shadows
  9 spriggans
  2 wraiths
  2 vampires
  A hog (shapeshifter) (D:15)
  6 humans (D:13)
  3 wyverns
  7 basilisks
  24 yaks
  3 steam dragons
  3 swamp worm simulacra (Swamp:4)
  6 vampire mosquitoes
  5 wargs
  18 swamp worms
  23 nagas
  16 water moccasins
  13 hydra simulacra (Swamp:4)
  A black bear (D:4)
  3 elephant zombies (Lair:5)
  11 ice beasts
  28 orc warriors
  12 ogres
  13 wolves
  6 centaurs
  3 phantoms
  2 kobold brigands
  A komodo dragon zombie (Lair:5)
  12 bullfrogs
  Blork the orc (D:6)
  A water moccasin zombie (D:6)
  2 gnoll sergeants
  6 scorpions
  2 water moccasin skeletons
  4 killer bees
  3 wights (D:10)
  2 howler monkeys
  12 electric eels
  4 centaur zombies
  2 lava snakes (D:13)
  A bullfrog zombie (D:5)
  3 hounds
  12 orc priests
  Crazy Yiuf (D:2)
  A basilisk zombie (Lair:5)
  A centaur skeleton (D:7)
  3 jellies
  A bullfrog skeleton (D:6)
  Jessica (D:2)
  7 iguanas
  21 orc wizards
  A hell rat (Lair:6)
  3 killer bee zombies
  5 howler monkey zombies
  16 gnolls
  A howler monkey skeleton (D:7)
  5 adders
  2 white imps
  An ufetubus (D:5)
  5 swamp drake simulacra (Swamp:4)
  An adder skeleton (D:4)
  A worm (D:3)
  3 dart slugs
  59 orcs
  An endoplasm (D:1)
  8 giant cockroaches
  8 goblins
  8 hobgoblins
  2 jackals (D:1)
  4 quokkas
  4 ball pythons
  13 bats
  2 frilled lizards
  13 kobolds
  6 rats
831 creatures vanquished.

Vanquished Creatures (others)
  A vault guard (D:13)
  A human (D:13)
  A swamp worm (Swamp:4)
  An orc wizard (D:14)
  A bush (Lair:6)
  6 foxfires
  98 fungi
  91 plants
200 creatures vanquished.

Grand Total: 1031 creatures vanquished

Notes
Turn   | Place    | Note
-------+----------+-------------------------------------------
     0 | D:1      | Zenkrye the Demigod Conjurer began the quest for the Orb.
     0 | D:1      | Reached XP level 1. HP: 14/14 MP: 5/5
   557 | D:1      | Reached XP level 2. HP: 14/20 MP: 3/7
   560 | D:1      | Learned a level 2 spell: Searing Ray
  1778 | D:2      | Identified Sif Muna's Reference Book on Damaging Envenoming
  1935 | D:2      | Reached XP level 3. HP: 17/26 MP: 0/9
  2054 | D:2      | Noticed Jessica
  2057 | D:2      | Killed Jessica
  2318 | D:2      | Found a runed translucent door.
  2319 | D:2      | Noticed Crazy Yiuf
  2559 | D:2      | Reached XP level 4. HP: 33/33 MP: 6/11
  3046 | D:2      | Killed Crazy Yiuf
  3047 | D:2      | Reached skill level 5 in Conjurations
  4002 | D:4      | Reached XP level 5. HP: 30/38 MP: 6/12
  4335 | D:4      | Noticed an ogre
  4341 | D:4      | Killed an ogre
  4342 | D:4      | Reached XP level 6. HP: 45/45 MP: 8/13
  5197 | D:5      | Entered Level 5 of the Dungeon
  5243 | D:5      | Reached XP level 7. HP: 50/50 MP: 5/14
  5323 | D:5      | Found Ofreit's Antique Armour Boutique.
  5334 | D:5      | Bought a pair of glowing boots for 127 gold pieces
  5380 | D:5      | Learned a level 4 spell: Iskenderun's Mystic Blast
  5504 | D:5      | Reached skill level 1 in Fighting
  5587 | D:5      | Reached skill level 1 in Translocations
  5787 | D:5      | Killed an unseen horror
  5788 | D:5      | Reached skill level 2 in Fighting
  5981 | D:5      | Reached XP level 8. HP: 61/61 MP: 11/16
  6491 | D:5      | Reached skill level 3 in Fighting
  6838 | D:6      | Noticed Blork the orc
  6844 | D:6      | Killed Blork the orc
  6845 | D:6      | Reached skill level 1 in Shields
  7156 | D:6      | Noticed Prince Ribbit
  7169 | D:6      | Killed Prince Ribbit
  7250 | D:6      | Found a transporter.
  7251 | D:6      | Found a transporter.
  7326 | D:6      | Reached XP level 9. HP: 70/70 MP: 14/19
  7371 | D:6      | Noticed Zellion's ghost (novice MfGl)
  7379 | D:6      | Identified the +6 spear of the Doomed Warrior {pain, rElec
                  | Stlth+}
  7870 | D:7      | Reached skill level 4 in Fighting
  7881 | D:7      | Noticed a kobold demonologist
  7886 | D:7      | Noticed a hellwing
  7888 | D:7      | Killed a kobold demonologist
  7889 | D:7      | Reached skill level 5 in Spellcasting
  8087 | D:7      | Reached skill level 5 in Dodging
  8365 | D:7      | Found a staircase to the Ecumenical Temple.
  8923 | D:7      | Learned a level 5 spell: Lightning Bolt
  9597 | D:8      | Reached skill level 5 in Fighting
  9635 | D:8      | Reached skill level 1 in Air Magic
  9894 | D:8      | Reached XP level 10. HP: 77/81 MP: 16/21
 10222 | D:8      | Found a staircase to the Lair.
 10764 | D:9      | Learned a level 3 spell: Ignite Poison
 10881 | D:9      | Noticed a two-headed ogre
 10891 | D:9      | Killed a two-headed ogre
 10892 | D:9      | Reached skill level 1 in Transmutations
 10893 | D:9      | Reached skill level 1 in Fire Magic
 10893 | D:9      | Reached skill level 1 in Poison Magic
 10964 | D:9      | Learned a level 4 spell: Olgreb's Toxic Radiance
 11021 | D:9      | Noticed a two-headed ogre
 11021 | D:9      | Identified the +1 ring mail "Heuguack" {Fly rCorr}
 11159 | D:9      | Killed a two-headed ogre
 11482 | D:9      | Found a staircase to the Orcish Mines.
 11654 | D:9      | Noticed a two-headed ogre
 11664 | D:9      | Killed a two-headed ogre
 11665 | D:9      | Reached skill level 5 in Shields
 11942 | D:10     | Entered Level 10 of the Dungeon
 12562 | D:10     | Reached skill level 6 in Fighting
 12949 | D:10     | Noticed a boulder beetle
 12982 | D:10     | Killed a boulder beetle
 12983 | D:10     | Reached XP level 11. HP: 89/89 MP: 8/22
 13330 | Orc:1    | Entered Level 1 of the Orcish Mines
 13515 | Orc:1    | Reached skill level 10 in Conjurations
 14197 | Orc:2    | Entered Level 2 of the Orcish Mines
 14610 | Orc:2    | Noticed an orc warlord
 14893 | Orc:2    | Noticed a two-headed ogre
 14897 | Orc:2    | Killed a two-headed ogre
 15020 | Orc:2    | Noticed an orc warlord
 15023 | Orc:2    | Noticed an orc knight
 15024 | Orc:2    | an orc knight changed into a salamander
 15172 | D:9      | Identified a scroll of acquirement
 15172 | D:9      | Acquired the +5 demon blade "Alug Pus" {speed, rF+}
 15278 | Orc:1    | Killed an orc warlord
 15279 | Orc:1    | Reached skill level 7 in Fighting
 15734 | Orc:2    | Noticed an orc high priest
 15739 | Orc:2    | Killed an orc high priest
 15755 | Orc:2    | Noticed an orc high priest
 15849 | Orc:2    | Killed an orc high priest
 15850 | Orc:2    | Reached skill level 5 in Air Magic
 16155 | Orc:2    | Noticed an orc knight
 16164 | Orc:2    | Noticed an orc knight
 16179 | Orc:2    | Reached skill level 5 in Poison Magic
 16185 | Orc:2    | Killed an orc knight
 16185 | Orc:2    | Killed an orc knight
 16186 | Orc:2    | Reached XP level 12. HP: 92/100 MP: 2/24
 16334 | Orc:2    | Noticed Erolcha
 16374 | Orc:2    | Killed Erolcha
 16496 | Orc:2    | Found Fionn's Antique Armour Emporium.
 16620 | Orc:2    | Killed an orc warlord
 16965 | Orc:2    | Reached skill level 8 in Fighting
 17487 | Orc:2    | Found Yfulife's Antique Weapon Shop.
 17514 | Orc:2    | Found Pyiq's Jewellery Shop.
 17536 | Orc:2    | Found Hogedd's General Store.
 17554 | Orc:2    | Found a staircase to the Elven Halls.
 17745 | Orc:2    | Bought a glowing cloak for 195 gold pieces
 17807 | Orc:2    | Bought the ring "Obakum" {Wiz rF+ Int+4 Stlth+} for 772
                  | gold pieces
 17938 | Lair:1   | Entered Level 1 of the Lair of Beasts
 18045 | Lair:1   | Noticed a four-headed hydra
 18049 | Lair:1   | Killed a four-headed hydra
 18718 | Lair:1   | Reached skill level 1 in Evocations
 19828 | Lair:1   | Upgraded the game from 0.27-a0-1149-g4505690ab0 to
                  | 0.27-a0-1154-gfdeffcb720
 20954 | Lair:3   | Noticed a catoblepas
 20965 | Lair:3   | Killed a catoblepas
 21109 | Lair:3   | Reached XP level 13. HP: 106/110 MP: 23/28
 21235 | Lair:3   | Found a staircase to the Snake Pit.
 21314 | Lair:3   | Reached skill level 9 in Fighting
 23089 | Lair:4   | Found a staircase to the Swamp.
 24050 | D:11     | Learned a level 5 spell: Freezing Cloud
 24284 | D:11     | Found Pytenich's Book Boutique.
 24867 | D:12     | Reached skill level 1 in Ice Magic
 25078 | D:12     | Found a runed translucent gate.
 25084 | D:12     | Found a runed translucent gate.
 25084 | D:12     | Noticed relicbr's ghost (journeyman NaIE)
 25085 | D:12     | Found a runed translucent gate.
 25796 | D:12     | Found a portal to a secret trove of treasure.
 26494 | D:13     | Reached skill level 10 in Dodging
 26645 | D:13     | Reached skill level 10 in Fighting
 27069 | D:11     | Bought a book of Power for 585 gold pieces
 27076 | D:11     | Learned a level 5 spell: Bolt of Magma
 27234 | D:13     | Found a runed translucent gate.
 27234 | D:13     | Found a runed translucent gate.
 27234 | D:13     | Found a runed translucent gate.
 27234 | D:13     | Noticed Raon's ghost (journeyman DsGl)
 27741 | D:13     | Reached skill level 1 in Earth Magic
 27741 | D:13     | Reached XP level 14. HP: 78/121 MP: 4/30
 27754 | D:13     | Identified the +11 great mace of Experimentation {spect,
                  | Int+2}
 28065 | D:13     | Found a gate to the Vaults.
 28730 | D:14     | Identified the ring "Labikh" {+Blink Int+6}
 29387 | D:15     | Entered Level 15 of the Dungeon
 29406 | D:15     | Reached skill level 11 in Fighting
 29808 | D:15     | Found Ciowamugh's Jewellery Shoppe.
 30254 | D:15     | Found Sualaek's Jewellery Emporium.
 30559 | D:15     | Found a staircase to the Depths.
 30621 | D:15     | Upgraded the game from 0.27-a0-1154-gfdeffcb720 to
                  | 0.27-a0-1384-g1422d76b99
 30971 | Lair:5   | Identified the +1 leather armour "Qik Hiod" {rElec}
 31149 | Lair:5   | Found a staircase to the Slime Pits.
 31970 | Lair:5   | Noticed Nessos
 31971 | Lair:5   | Noticed Nessos
 31971 | Lair:5   | Nessos changed into Nessos the ogre
 31974 | Lair:5   | Killed Nessos the ogre
 32289 | Lair:5   | Reached skill level 12 in Fighting
 32800 | Lair:6   | Entered Level 6 of the Lair of Beasts
 33481 | Lair:6   | Reached XP level 15. HP: 123/134 MP: 15/33
 33994 | Lair:6   | Learned a level 6 spell: Iron Shot
 35055 | Lair:6   | Noticed Snorg
 35064 | Lair:6   | Killed Snorg
 35127 | Lair:6   | Found a runed translucent door.
 35603 | Lair:6   | Reached skill level 13 in Fighting
 36259 | D:15     | Bought the macabre finger necklace {rN+} for 440 gold
                  | pieces
 36259 | D:15     | Found the macabre finger necklace {rN+}
 36265 | D:15     | Upgraded the game from 0.27-a0-1384-g1422d76b99 to
                  | 0.27-a0-1431-gcffa5a9b16
 36265 | D:15     | Bought a ring of poison resistance for 220 gold pieces
 36556 | Swamp:1  | Entered Level 1 of the Swamp
 36577 | Swamp:1  | Reached skill level 10 in Spellcasting
 37059 | Swamp:1  | Upgraded the game from 0.27-a0-1431-gcffa5a9b16 to
                  | 0.27-a0-1548-gf8a67e7463
 37508 | Swamp:1  | Identified the +10 rapier of Qiam {flame, *Noise Str+5
                  | Int+4}
 37923 | Swamp:1  | Identified the +0 pair of gloves of Ashenzari's Esteem
                  | {rN++ Int-4 Dex+3 SInv}
 38758 | Swamp:2  | Reached skill level 10 in Shields
 39097 | Swamp:3  | Noticed a thorn hunter
 39107 | Swamp:3  | Killed a thorn hunter
 39532 | Swamp:3  | Reached skill level 14 in Fighting
 40236 | Swamp:3  | Noticed a thorn hunter
 40279 | Swamp:3  | Killed a thorn hunter
 41011 | Swamp:3  | Reached XP level 16. HP: 147/147 MP: 24/35
 41078 | Swamp:4  | Entered Level 4 of the Swamp
 41612 | Swamp:4  | Upgraded the game from 0.27-a0-1548-gf8a67e7463 to
                  | 0.28-a0-247-gb8bfbab023
 42317 | Swamp:4  | Reached skill level 15 in Fighting
 43235 | Swamp:4  | Got a decaying rune of Zot
 43453 | Snake:1  | Entered Level 1 of the Snake Pit
 45306 | Snake:2  | Noticed Louise
 47293 | Snake:3  | Killed from afar by a shock serpent

Illustrated notes

Levels and vault maps discovered:
D:1:      minmay_arrival_semitransparent, layout_loops_corners, serial_aquarium,
          aquarium_bridge_square [aquarium_subvault_bridge,
          aquarium_subvault_bridge, aquarium_subvault_wall,
          aquarium_subvault_wall], aquarium_window_corridor_2,
          aquarium_window_fake, aquarium_window_corner, aquarium_window_2,
          aquarium_view_2c, aquarium_pool_side, minmay_misc_feat_x,
          minmay_misc_feat_five
D:2:      layout_basic, shapermc_ecumenical_altar_gd, basic_altar, uniq_jessica,
          uniq_crazy_yiuf_cottage
D:3:      layout_loops_ring, lightli_temple_of_fire
D:4:      layout_basic, nicolae_overflow_hidden_temple, kennysheep_mini_moat
D:5:      minmay_clustersquares, layout_rooms, minitemple, portal_sewer_entry_f,
          serial_shops, nicolae_shop_trees, kennysheep_windowed_goal
D:6:      layout_basic, cheibriados_altar_1, amcnicky_altar_gilded,
          grunt_qazlal_sundering, gammafunk_ghost_gnarly_gnolls, st_stairs_1,
          chequers_serial_rivers_micro_d, uniq_blork_the_orc,
          uniq_prince_ribbit1
D:7:      layout_loops_ring, kennysheep_little_box,
          minmay_temple_entry_antechambers
D:8:      layout_gridville, grunt_lair_entry_orc_guard_hut,
          chequers_serial_rivers_micro_d, serial_bayou_lake_a
D:9:      layout_basic, bloody_makhleb, orc_0_dummy, minmay_joined_circles
D:10:     layout_basic, lemuel_crystal_altar, zin_statuary
D:11:     layout_gridville, serial_shops, nicolae_shop_waterfront
D:12:     layout_loops_corners, enter_trove_3, gammafunk_ghost_hydra_chop,
          corexii_corridor_pit
D:13:     minmay_ornate_pinched, layout_basic, ximxim_vaults_locker_room,
          ebering_ghost_rock_garden
D:14:     layout_roguey, small_statue_intersection
D:15:     hangedman_depths_entry_civil_slaughter, layout_gridville,
          serial_shops, shop, nicolae_shop_statue_plus, minivault_24,
          columned_hall_lemuel
Lair:1:   layout_regular_city, portal_ice_cave_entry_ice_beasts,
          roderic_batcave, minivault_27, grunt_megastairs_1,
          infiniplex_staircase_pool
Lair:2:   beast_lair_carwin_large_1, layout_hall_layers, basic_altar,
          chequers_serial_rivers_small_a
Lair:3:   layout_chaotic_city, guppyfry_snake_entry_garden
Lair:4:   layout_roguey, palyth_hydra_swamp_entry, fungi_pond_lemuel
Lair:5:   pond_and_an_island_with_a_cottage, layout_cave_pods, slime_altar_1,
          wad_woods_road_05, uniq_nessos
Lair:6:   hangedman_lair_in_review, layout_layer_cave, wormcave,
          serial_bayou_shore_b, uniq_snorg
Swamp:1:  layout_basic_swamp, nicolae_swamp_orc_logging_accident
Swamp:2:  layout_basic_swamp, nicolae_swamp_little_swirl
Swamp:3:  layout_basic_swamp, hangedman_swamp_cone, swamp_pool3
Swamp:4:  swamp_icy, layout_basic_swamp
Snake:1:  nicolae_snake_nest, layout_concentric_octagons
Snake:2:  layout_cave_pods, nicolae_snake_gridmaze_swirls, grunt_ministairs_5,
          st_stairs_3, uniq_louise
Snake:3:  nicolae_snakescales, layout_chambers, basic_altar, grunt_ministairs_2,
          lemuel_fruit_tree
Orc:1:    layout_caves, nicolae_volcano_entry_vermiform, enter_bailey_2,
          trog_butcher_becter
Orc:2:    grunt_orc_gardens, layout_caves, grunt_orc_garden, grunt_orc_garden,
          grunt_orc_garden, grunt_orc_garden, uniq_erolcha

Skill      XL: |  1  2  3  4  5  6  7  8  9 10 11 12 13 14 15 16 |
---------------+-------------------------------------------------+-----
Spellcasting   | 2 3 4 5 7 8 9 10 11 | 11.7
Conjurations   | 4 5 6 7 8 9 10 11 12 | 12.0
Dodging        | 3 4 5 6 7 9 10 11 12 13 | 13.4
Fighting       | 2 3 5 6 7 8 10 12 14 15 | 15.5
Translocations | 2 3 |  3.0
Shields        | 2 4 5 7 8 10 | 10.0
Air Magic      | 1 3 5 |  5.0
Transmutations | 2 |  2.1
Fire Magic     | 2 3 4 |  4.4
Poison Magic   | 3 5 |  5.0
Evocations     | 2 3 |  3.0
Ice Magic      | 3 |  3.0
Earth Magic    | 1 3 4 |  4.4
Short Blades   | |  0.6
Stealth        | |  1.7

Action                   |  1- 3 |  4- 6 |  7- 9 | 10-12 | 13-15 | 16-18 || total
-------------------------+-------+-------+-------+-------+-------+-------++-------
Melee: Unarmed           |     3 |       |       |       |       |       ||     3
       Dagger            |       |    20 |       |    11 |       |       ||    31
       Hunting sling     |       |       |     4 |       |       |       ||     4
       Demon blade       |       |       |       |    67 |   209 |       ||   276
       Rapier            |       |       |       |       |    82 |   190 ||   272
       Staff             |       |       |       |       |     1 |       ||     1
 Fire: Hunting sling     |       |    13 |    85 |   191 |   192 |    10 ||   491
Throw: Javelin           |       |     4 |       |       |     4 |       ||     8
       Dart              |       |       |       |     2 |    23 |       ||    25
       Boomerang         |       |       |       |       |    10 |   117 ||   127
 Cast: Magic Dart        |    72 |    16 |       |       |       |       ||    88
       Searing Ray       |     3 |    21 |    87 |    75 |    62 |       ||   248
       Iskenderun's Myst |       |       |     1 |    13 |     7 |     7 ||    28
       Olgreb's Toxic Ra |       |       |       |    83 |   112 |     1 ||   196
       Ignite Poison     |       |       |       |    67 |    87 |       ||   154
       Lightning Bolt    |       |       |       |     6 |     6 |       ||    12
       Bolt of Magma     |       |       |       |       |    78 |    52 ||   130
       Freezing Cloud    |       |       |       |       |    45 |    10 ||    55
       Iron Shot         |       |       |       |       |    84 |    59 ||   143
Evoke: Wand              |       |     1 |       |    11 |     7 |     2 ||    21
       Lightning rod     |       |       |       |       |    13 |       ||    13
  Use: Scroll            |       |     9 |     2 |    19 |    15 |     3 ||    48
       Potion            |       |       |     1 |     3 |       |     2 ||     6
 Stab: Sleeping          |       |       |       |       |     7 |     3 ||    10
Armor: Robe              |     7 |    12 |    46 |       |       |       ||    65
       Steam dragon scal |       |       |     5 |    81 |   163 |       ||   249
       Swamp dragon scal |       |       |       |       |    27 |    14 ||    41
       Ice dragon scales |       |       |       |       |       |    83 ||    83
Dodge: Dodged            |     7 |     9 |    64 |   138 |   309 |   173 ||   700
Block: Buckler           |       |       |     9 |    57 |   169 |   125 ||   360
       Rpst.: Demon blade |       |       |       |    15 |    28 |       ||    43

Table legend: (Time is in decaauts)
 A = Elapsed time spent in this place.
 B = Non-inter-level travel time spent in this place.
 C = Inter-level travel time spent in this place.
 D = Time resting spent in this place.
 E = Time spent auto-exploring this place.
 F = Levels seen in this place.
 G = Mean time per level.
                   A        B        C        D        E       F      G
               +--------+--------+--------+--------+--------+-----+--------+
         Total |  47488 |  45124 |   2364 |   5295 |  33685 |  30 | 1582.9 |
       Dungeon |  21500 |  20224 |   1276 |   1857 |  16031 |  15 | 1433.3 |
          Lair |  11485 |  10889 |    596 |    495 |   9089 |   6 | 1914.2 |
         Swamp |   6627 |   6515 |    112 |   1269 |   4119 |   4 | 1656.8 |
     Snake Pit |   3776 |   3621 |    155 |    687 |   2245 |   3 | 1258.7 |
  Orcish Mines |   4099 |   3876 |    223 |    987 |   2201 |   2 | 2049.5 |
               +--------+--------+--------+--------+--------+-----+--------+

Top non-repeatable levels by time:
  Lair:6: 3206 daAuts
   Orc:2: 2571 daAuts
     D:9: 2237 daAuts
 Swamp:4: 2236 daAuts
  Lair:1: 2008 daAuts
    D:13: 1936 daAuts
  Lair:5: 1924 daAuts
 Swamp:3: 1899 daAuts
 Snake:1: 1891 daAuts
  Lair:4: 1693 daAuts
  Lair:3: 1639 daAuts
    D:12: 1634 daAuts
    D:14: 1601 daAuts
     D:2: 1591 daAuts
     D:1: 1578 daAuts
